 Dungeon Crawl Stone Soup version 0.18.0-1-g0107ab7 (webtiles) character file.

5155 epen the Schismatic (level 10, -3/79 HPs)
             Began as a Formicid Abyssal Knight on May 5, 2016.
             Was an Elder of Lugonu.
             Killed by divine providence
             ... invoked by an orc priest
              (13 damage)
             ... on level 8 of the Dungeon.
             The game lasted 00:18:41 (9550 turns).

epen the Schismatic (Formicid Abyssal Knight)       Turns: 9550, Time: 00:18:44

Health: -3/79      AC: 18    Str: 20    XL:     10   Next: 89%
Magic:  17/17      EV: 12    Int: 11    God:    Lugonu [****..]
Gold:   304        SH:  0    Dex: 11    Spells: 0 memorised, 9 levels left

rFire  . . .     SeeInvis +     S - +1 dagger (chaos)
rCold  + . .     Gourm    .     x - +0 scale mail
rNeg   . . .     Faith    .     (no shield)
rPois  .         Spirit   .     (helmet unavailable)
rElec  .         Dismiss  .     O - +0 cloak
rCorr  .         Reflect  .     T - +2 pair of gloves
SustAt .         Harm     .     q - +0 pair of boots
MR     +....                    F - amulet of regeneration
Stlth  ..........               p - ring of protection from cold
                                k - +5 ring of protection

@: somewhat resistant to hostile enchantments, extremely unstealthy
A: permanent stasis, dig shafts and tunnels, four strong arms, antennae 3
a: Dig, Shaft Self, Depart the Abyss, Bend Space, Banish, Corrupt, Renounce
Religion


You were on level 8 of the Dungeon.
You worshipped Lugonu.
Lugonu was greatly pleased with you.
You were not hungry.

You visited 1 branch of the dungeon, and saw 8 of its levels.
You visited the Abyss 1 time.
You also visited: Ossuary.

You collected 374 gold pieces.
You spent 70 gold pieces at shops.

Inventory:

Hand Weapons
 a - a +1 short sword
 v - a +2 whip of flaming
 Q - a +0 blowgun
 S - a +1 dagger of chaos (weapon)
Missiles
 y - 12 curare-tipped needles
Armour
 b - a +0 leather armour
 q - a +0 pair of boots (worn)
 x - a +0 scale mail (worn)
 O - a +0 cloak (worn)
 T - a +2 pair of gloves (worn)
Jewellery
 k - a +5 ring of protection (left hand)
 o - an uncursed ring of ice
 p - a ring of protection from cold (right hand)
 F - an amulet of regeneration (around neck)
Wands
 d - a wand of confusion (36/48)
 D - a wand of paralysis (24/24)
 E - a wand of lightning (11/15)
 P - a wand of acid (7/15)
Scrolls
 e - 5 scrolls of identify
 f - 2 scrolls of teleportation
 g - a scroll of fear
 m - 2 scrolls of random uselessness
 r - 3 scrolls of remove curse
 A - a scroll of magic mapping
 G - 2 scrolls of amnesia {unknown}
 H - a scroll of enchant armour {unknown}
 I - 2 scrolls of fog {unknown}
 L - a scroll of summoning {unknown}
 M - a scroll of enchant weapon {unknown}
 N - a scroll of vulnerability {unknown}
Potions
 h - a potion of resistance {unknown}
 i - 5 potions of heal wounds
 n - 2 potions of curing
 t - 2 potions of flight
 z - a potion of ambrosia
 B - 3 potions of cancellation
 C - a potion of haste
 J - a potion of agility {unknown}
 K - a potion of mutation {unknown}
Comestibles
 c - 6 bread rations
 j - 4 slices of pizza
 s - 2 meat rations
 w - 5 fruits


   Skills:
 + Level 7.3 Fighting
 * Level 8.1 Short Blades
 + Level 6.4 Armour
 + Level 5.6 Dodging
 * Level 10.2 Invocations


You had 9 spell levels left.
You didn't know any spells.

Dungeon Overview and Level Annotations

Branches:
Dungeon (8/15)             Temple (0/1) D:7
   Lair: D:8-11

Altars:
Dithmenos
Nemelex Xobeh
Pakellas
Qazlal
Vehumet
Zin
The Shining One

Shops:
D:4 %   D:8 %=!

Annotations:
D:5 Prince Ribbit
Abyss:1 Erolcha


Innate Abilities, Weirdness & Mutations

You are under a permanent stasis effect.
You can dig through walls and to a lower floor.
Your four strong arms can wield two-handed weapons with a shield.
You have a pair of large antennae on your head (SInv).


Message History

You are too injured to fight recklessly!
You closely miss the orc warrior.
The orc warrior is severely wounded.
The orc warrior misses you.
You closely miss the orc warrior.
The orc warrior is severely wounded.
The orc priest mumbles some strange prayers to Beogh against you.
Pain shoots through your body!
* * * LOW HITPOINT WARNING * * *
You closely miss the orc warrior.
The orc warrior is severely wounded.
The orc warrior barely misses you.
Unknown command.
You hit the orc warrior but do no damage.
The orc warrior is severely wounded.
The orc warrior hits you with a halberd.
* * * LOW HITPOINT WARNING * * *
The orc priest calls down the wrath of Beogh upon you.
Beogh smites you!
You die...

...'..<..........................
[..######........................
#### #<....................... #
#####.###...#......#####.)... #
#.....###...#.....## #..... #
##'######[(..#.....# #..... #
#.....#(#.#........# #....# #
#.."..##)...oo###### ########
####.....#[#.∩.#@# #.....#.
.........#......## ###.8.8.#.
##.......#...#..# #.'.._..'.
.÷.......#....### #(#.8.8.##
##...#####....# #(#.....# #...#
#....# ########)####### #...#
#....###.......'......) #...#
#....♣.#.#######....... '...#
#......#(# .......


You could see an orc warrior and an orc priest.

Vanquished Creatures
  Pikel (D:5)
  Psyche (D:8)
  2 centaur skeletons
  A hungry ghost (D:8)
  A hippogriff (D:3)
  Duvessa (D:5)
  An ice beast (D:3)
  2 slaves
  A wasp (D:8)
  A sky beast (D:7)
  An orc warrior (D:8)
  4 ogres
  3 centaurs
  A big kobold (D:8)
  3 water moccasin zombies (Ossuary)
  A giant frog (D:6)
  Dowan (D:5)
  3 scorpions
  5 wights (D:8)
  A giant frog zombie (D:5)
  3 crimson imps
  A quasit (D:8)
  3 orc priests
  4 hounds
  Crazy Yiuf (D:3)
  2 giant frog skeletons (D:5)
  4 orc wizards
  3 iguanas
  5 worker ants
  Natasha (D:2)
  5 big kobold zombies (Ossuary)
  A killer bee zombie (D:5)
  A hound zombie (D:5)
  3 mummies
  A worker ant zombie (D:5)
  8 gnolls
  15 adders
  3 shadow imps
  A white imp (D:4)
  An ooze (D:4)
  4 adder zombies (Ossuary)
  A worm (D:2)
  3 giant geckos
  15 orcs
  A ball python (D:4)
  4 bats
  3 giant cockroaches
  2 gnoll zombies (Ossuary)
  7 goblins
  4 hobgoblins
  10 jackals
  4 quokkas
  A giant gecko skeleton (D:7)
  A giant gecko zombie (D:7)
  4 giant newts
  6 hobgoblin zombies
  A jackal skeleton (D:5)
  8 kobolds
  6 kobold zombies (Ossuary)
  4 orc skeletons (D:4)
  4 orc zombies (Ossuary)
  A quokka zombie (D:8)
  10 rats
205 creatures vanquished.

Vanquished Creatures (others)
  The ghost of George the Carver, a novice MiFi of the Shining One (D:7)
  2 slaves (D:5)
3 creatures vanquished.

Grand Total: 208 creatures vanquished

Notes
Turn   | Place    | Note
--------------------------------------------------------------
     0 | Abyss:1  | epen the Formicid Abyssal Knight began the quest for the Orb.
     0 | Abyss:1  | Reached XP level 1. HP: 18/18 MP: 2/2
     0 | Abyss:1  | Found a corrupted altar of Lugonu.
     5 | Abyss:1  | Noticed a boulder beetle
    36 | Abyss:1  | Noticed a golden eye
    40 | Abyss:1  | Noticed a Hell Sentinel
    43 | D:1      | Escaped the Abyss
    65 | D:1      | Reached skill level 1 in Dodging
    92 | D:1      | Reached * piety under Lugonu
   227 | D:1      | Reached XP level 2. HP: 22/24 MP: 3/3
   891 | D:1      | Reached skill level 3 in Invocations
  1071 | D:2      | Reached XP level 3. HP: 22/29 MP: 5/5
  1488 | D:2      | Reached XP level 4. HP: 16/35 MP: 6/6
  1821 | D:2      | Noticed Natasha
  1835 | D:2      | Killed Natasha
  2063 | D:3      | Noticed a hippogriff
  2084 | D:3      | Killed a hippogriff
  2084 | D:3      | Reached skill level 4 in Invocations
  2084 | D:3      | Reached XP level 5. HP: 14/42 MP: 6/8
  2084 | D:3      | Reached XP level 6. HP: 16/48 MP: 6/9
  3057 | D:3      | Noticed an ice beast
  3078 | D:3      | Killed an ice beast
  3078 | D:3      | Reached skill level 5 in Invocations
  3150 | D:3      | Noticed Crazy Yiuf
  3169 | D:3      | Killed Crazy Yiuf
  3169 | D:3      | Reached XP level 7. HP: 42/54 MP: 10/10
  3418 | D:3      | Found a radiant altar of Vehumet.
  3908 | D:4      | Reached ** piety under Lugonu
  4330 | D:4      | Found Qaoleh's Food Boutique.
  4347 | D:4      | Found a glowing golden altar of the Shining One.
  4725 | D:5      | Entered Level 5 of the Dungeon
  4767 | D:5      | Reached skill level 6 in Invocations
  4767 | D:5      | Reached XP level 8. HP: 9/61 MP: 12/12
  5112 | D:5      | Noticed Pikel
  5308 | D:6      | Reached skill level 5 in Fighting
  5385 | D:6      | Reached skill level 5 in Short Blades
  5445 | D:6      | Found a stormy altar of Qazlal.
  6083 | D:5      | Killed Pikel
  6083 | D:5      | Reached skill level 7 in Invocations
  6083 | D:5      | Reached XP level 9. HP: 37/69 MP: 14/14
  6168 | D:5      | Noticed Prince Ribbit
  6564 | D:5      | Reached *** piety under Lugonu
  6564 | D:5      | Reached skill level 5 in Armour
  6699 | D:5      | Reached skill level 8 in Invocations
  6854 | D:5      | Noticed Duvessa
  6855 | D:5      | Noticed Dowan
  6872 | D:5      | Killed Duvessa
  6894 | D:5      | Killed Dowan
  7397 | D:7      | Found a flagged portal.
  7544 | D:7      | Found a sand-covered staircase.
  7559 | Ossuary  | Entered an ossuary
  7722 | Ossuary  | Reached **** piety under Lugonu
  7751 | Ossuary  | Reached XP level 10. HP: 77/77 MP: 16/16
  7902 | D:7      | Noticed George's ghost (novice MiFi)
  7928 | D:7      | Banished George's ghost
  7928 | D:7      | Reached skill level 9 in Invocations
  8298 | D:7      | Found a staircase to the Ecumenical Temple.
  8336 | D:7      | Found a glowing silver altar of Zin.
  8337 | D:7      | Found a shadowy altar of Dithmenos.
  8488 | D:8      | Found an oddly glowing altar of Pakellas.
  8534 | D:8      | Found Wyceqar's Distillery.
  8540 | D:8      | Bought a potion of heal wounds for 70 gold pieces
  8548 | D:8      | Reached skill level 5 in Dodging
  8615 | D:8      | Found a sparkling altar of Nemelex Xobeh.
  8616 | D:8      | Noticed Erolcha
  8621 | D:8      | Banished Erolcha
  8876 | D:8      | Found Nen Beon's Jewellery Shoppe.
  8880 | D:8      | Found Gofeoddo's Food Emporium.
  8890 | D:8      | Noticed Psyche
  8908 | D:8      | Killed Psyche
  8966 | D:8      | Reached skill level 10 in Invocations
  9550 | D:8      | Killed from afar by an orc priest

Skill      XL: |  1  2  3  4  5  6  7  8  9 10 |
---------------+-------------------------------+-----
Dodging        | 1 2 3 4 5 |  5.6
Invocations    | 3 4 5 6 7 8 10 | 10.2
Fighting       | 4 5 6 7 |  7.3
Short Blades   | 3 4 5 6 8 |  8.1
Armour         | 3 4 5 6 |  6.4

Action                   |  1- 3 |  4- 6 |  7- 9 | 10-12 || total
-------------------------+-------+-------+-------+-------++-------
Melee: Short sword       |   115 |   126 |   365 |       ||   606
       Whip              |       |       |   487 |   293 ||   780
       Dagger            |       |       |       |   140 ||   140
Invok: Depart the Abyss  |     1 |       |       |       ||     1
       Banish            |       |       |       |     2 ||     2
 Abil: Dig               |       |       |       |     1 ||     1
  Use: Scroll            |       |       |    14 |       ||    14
 Stab: Paralysed         |       |       |       |     2 ||     2
       Petrifying        |       |       |       |     1 ||     1
  Eat: Chunk             |     2 |     5 |     8 |     8 ||    23
       Royal jelly       |       |       |     1 |       ||     1
       Fruit             |       |       |     1 |       ||     1
       Meat ration       |       |       |     1 |     1 ||     2
Armor: Leather armour    |    62 |    41 |   310 |    13 ||   426
       Scale mail        |       |       |       |   206 ||   206
Dodge: Dodged            |    77 |    79 |   510 |   321 ||   987
